AoeStats
← CovidBryan

Arabia

508950136Analyzed
1v1 RM · 8d ago on Sep 24, 2026· 19m 50s· 2 players
Game mode
Random Map
Map size
Tiny (2 player)
Population
200
Speed
Normal
Resources
Standard
Victory
Conquest
Starting age
Dark Age
Ending age
Imperial Age
RankedLock teamsTeams togetherTeam positionsShared explorationLock speedFull tech treeHidden civsTurbo modeCheats
Victory
Defeat
🇦🇷 Saracens · Argentina
1357
+15
🇪🇸 Bulgarians · Spain
1333
-15
CovidBryan
10:45 Feudal Age
13:37 Loom
YDRL
2:40 Loom
10:45 Feudal Age
11:13 Man-at-Arms
14:25 Town Watch
15:08 Fletching
17:03 Gold Mining
Connection lost

Rejoining the realm…

Still unreachable

The connection could not be restored.

Session expired

The server has moved on; the page needs a fresh start.